AoeStats
← MacDaThox

Black Forest

509821309Analyzed
4v4 RM · 5d ago on Sep 28, 2026· 67m 2s· 8 players
Game mode
Random Map
Map size
Large (8 player)
Population
200
Speed
Normal
Resources
Standard
Victory
Conquest
Starting age
Dark Age
Ending age
Imperial Age
RankedLock teamsTeams togetherTeam positionsShared explorationLock speedFull tech treeHidden civsTurbo modeCheats
Victory
Defeat
🇺🇸 Mongols · United States
1180
+17
🇨🇱 Celts · Chile
1165
+17
🇨🇳 Romans · China
1149
+18
🇨🇳 Tatars · China
1079
+21
🇮🇱 Turks · Israel
1280
-21
🇳🇿 Bohemians · New Zealand
1240
-20
🇳🇿 Burmese · New Zealand
1150
-17
🇨🇳 Portuguese · China
1112
-15
tmams33
6:31 Loom
13:27 Feudal Age
18:12 Castle Age
17:05 Double-Bit Axe
19:30 Bow Saw
21:54 Wheelbarrow
21:51 Town Watch
22:07 Fishing Lines
23:03 Gillnets
23:04 Horse Collar
26:21 Heavy Plow
26:48 Forging
27:59 Bloodlines
28:36 Masonry
32:15 Imperial Age
30:08 Scale Barding Armor
30:39 Iron Casting
31:21 Chain Barding Armor
32:02 Ballistics
31:50 Husbandry
31:56 Husbandry
32:50 Elite Steppe Lancer
34:34 Blast Furnace
33:59 Siege Engineers
34:55 Chemistry
34:40 Conscription
34:39 Town Patrol
34:56 Hand Cart
34:23 Onager
37:22 Gold Mining
37:25 Stone Mining
39:23 Siege Onager
40:30 Fletching
45:10 Drill
46:57 Capped Ram
47:42 Siege Ram
51:44 Heavy Scorpion
52:25 Light Cavalry
55:50 Hussar
58:37 Caravan
60:16 Bodkin Arrow
MacDaThox
11:46 Feudal Age
12:26 Double-Bit Axe
17:26 Castle Age
18:53 Bow Saw
19:38 Horse Collar
20:40 Wheelbarrow
21:40 Loom
23:24 Heavy Plow
24:15 Scale Mail Armor
25:43 Fishing Lines
26:54 Stronghold
29:49 Imperial Age
27:53 Caravan
28:06 Forging
28:27 Hand Cart
28:06 Town Watch
28:16 Gillnets
27:56 Pikeman
30:03 Iron Casting
29:43 Chain Mail Armor
30:31 Town Patrol
30:55 Furor Celtica
30:32 Capped Ram
32:02 Siege Ram
32:54 Halberdier
33:54 Arson
34:36 Siege Engineers
35:37 Blast Furnace
35:16 Conscription
35:58 Plate Mail Armor
39:10 Blast Furnace
38:40 Plate Mail Armor
38:31 Heavy Scorpion
40:04 Ballistics
40:44 Chemistry
41:12 Fortified Wall
42:42 Murder Holes
43:00 Masonry
44:08 Gambesons
43:45 Man-at-Arms
44:22 Fletching
45:16 Long Swordsman
46:11 Two-Handed Swordsman
55:42 Onager
56:25 Champion
天道
10:54 Feudal Age
15:11 Castle Age
13:59 Horse Collar
14:06 Double-Bit Axe
16:11 Bow Saw
16:02 Heavy Plow
24:04 Wheelbarrow
23:15 Loom
26:36 Hand Cart
29:44 Imperial Age
27:09 Gold Mining
27:10 Stone Mining
28:15 Stone Mining
29:00 Gold Shaft Mining
31:52 Scale Barding Armor
31:57 Forging
31:38 Fletching
31:48 Padded Archer Armor
32:52 Chemistry
32:12 Ballistics
31:17 Heavy Cavalry Archer
32:19 Conscription
32:09 Timurid Siegecraft
31:22 Elite Keshik
32:02 Silk Armor
31:53 Treadmill Crane
32:20 Siege Engineers
32:30 Bloodlines
32:20 Husbandry
32:38 Husbandry
32:48 Elite Steppe Lancer
34:57 Chain Barding Armor
35:13 Iron Casting
34:33 Bodkin Arrow
34:54 Leather Archer Armor
36:02 Elite Skirmisher
39:48 Bombard Tower
47:47 Plate Barding Armor
48:13 Blast Furnace
50:27 Light Cavalry
52:09 Capped Ram
53:29 Hussar
55:58 Siege Ram
56:22 Onager
435589836
0:27 Loom
17:13 Feudal Age
21:19 Castle Age
19:40 Double-Bit Axe
21:31 Wheelbarrow
22:21 Stone Mining
27:20 Fletching
45:11 Man-at-Arms
46:41 Gold Mining
47:06 Bow Saw
46:39 Long Swordsman
47:34 Scale Mail Armor
48:29 Squires
48:50 Forging
50:00 Gold Shaft Mining
50:50 Hand Cart
53:35 Imperial Age
52:32 Chain Mail Armor
52:54 Iron Casting
53:09 Fishing Lines
53:41 Legionary
54:48 Conscription
61:03 Blast Furnace
62:54 Comitatenses
62:24 Capped Ram
64:40 Siege Ram
MarshalOfNewZealand
3:19 Loom
12:07 Feudal Age
16:10 Castle Age
17:48 Wheelbarrow
18:11 Horse Collar
18:59 Heavy Plow
19:35 Fervor
21:32 Gold Mining
22:36 Hand Cart
24:24 Fishing Lines
26:09 Sanctity
25:57 Caravan
26:07 Gillnets
27:17 Gold Shaft Mining
26:33 Stone Mining
29:19 Scale Mail Armor
28:50 Man-at-Arms
29:16 Gambesons
29:34 Squires
29:21 Arson
28:57 Pikeman
32:53 Imperial Age
30:10 Town Watch
29:59 Long Swordsman
30:47 Scale Barding Armor
30:53 Forging
31:30 Forging
31:43 Chain Barding Armor
32:09 Bloodlines
32:38 Iron Casting
32:31 Chain Mail Armor
32:33 Manipur Cavalry
32:35 Husbandry
33:06 Elite Battle Elephant
34:24 Plate Barding Armor
34:53 Blast Furnace
33:57 Howdah
34:18 Conscription
35:03 Plate Mail Armor
33:56 Two-Handed Swordsman
36:22 Elite Arambai
37:19 Champion
38:36 Fletching
39:36 Bodkin Arrow
39:42 Padded Archer Armor
44:59 Theocracy
44:35 Redemption
44:42 Block Printing
44:53 Illumination
44:30 Atonement
44:29 Herbal Medicine
46:12 Town Patrol
46:51 Crop Rotation
46:11 Halberdier
46:57 Capped Ram
49:27 Bracer
53:03 Chemistry
52:14 Masonry
54:14 Siege Engineers
54:39 Architecture
62:49 Cavalier
64:18 Ballistics
66:16 Parthian Tactics
66:22 Treadmill Crane
Goku_San
1:03 Loom
14:45 Feudal Age
15:21 Double-Bit Axe
18:14 Stone Mining
20:25 Castle Age
18:34 Padded Archer Armor
21:31 Bow Saw
22:07 Leather Archer Armor
32:06 Horse Collar
33:47 Heavy Plow
39:43 Imperial Age
38:00 Wheelbarrow
38:22 Gold Mining
41:03 Scale Barding Armor
41:09 Forging
rower56
1:04 Loom
13:56 Feudal Age
14:50 Horse Collar
14:58 Double-Bit Axe
19:38 Castle Age
19:02 Fishing Lines
19:45 Stone Mining
19:45 Gold Mining
20:33 Bow Saw
21:48 Heavy Plow
23:16 Wheelbarrow
24:16 Gillnets
24:58 Hand Cart
29:12 Imperial Age
27:18 Ballistics
28:26 Fortified Wall
28:23 Scale Mail Armor
28:33 Forging
28:14 Fletching
28:25 Padded Archer Armor
27:51 Pikeman
27:51 Man-at-Arms
28:17 Gambesons
27:54 Man-at-Arms
30:54 Two-Man Saw
31:00 Chemistry
30:35 Thumb Ring
30:28 Crossbowman
31:26 Masonry
31:40 Guilds
32:36 Bodkin Arrow
32:32 Arbalester
33:36 Bracer
34:35 Leather Archer Armor
34:35 Chain Mail Armor
34:56 Iron Casting
35:53 Ring Archer Armor
35:52 Conscription
38:22 Coinage
38:24 Plate Mail Armor
42:32 Halberdier
47:13 Blast Furnace
51:33 Bombard Tower
51:19 Siege Engineers
51:45 Architecture
[OTM]thebearjew
6:05 Loom
10:44 Feudal Age
16:07 Castle Age
14:31 Double-Bit Axe
16:37 Wheelbarrow
22:26 Chemistry
22:24 Fletching
22:35 Padded Archer Armor
29:23 Hand Cart
33:07 Imperial Age
33:26 Bow Saw
32:58 Horse Collar
33:15 Pikeman
33:55 Squires
34:14 Leather Archer Armor
33:55 Bodkin Arrow
34:01 Scale Mail Armor
34:03 Arson
35:58 Siege Engineers
39:26 Halberdier
43:29 Fortified Wall
45:01 Heavy Plow
46:05 Two-Man Saw
45:24 Chain Mail Armor
45:20 Forging
45:11 Bracer
47:16 Caravan
48:12 Houfnice
49:36 Masonry
49:21 Murder Holes
50:30 Plate Mail Armor
55:11 Conscription
54:57 Wagenburg Tactics
62:27 Ballistics
65:52 Iron Casting
65:47 Ring Archer Armor
Connection lost

Rejoining the realm…

Still unreachable

The connection could not be restored.

Session expired

The server has moved on; the page needs a fresh start.